MLB
WASHINGTON NATIONALS @ CLEVELAND GUARDIANS
05/30/2030
 
TOP OF THE 1ST
Washington Nationals batting - Pitching for Cleveland Guardians : RHP Tahnaj Thomas
Pitching: RHP Tahnaj Thomas
Batting: RHB Kevin Wengel 0-0: Ground out 1-3 (Groundball, 13S, EV 68.1 MPH)
Batting: SHB Chris Neimeyer 0-0: Ball
1-0: Foul Ball, location: 7LDF
1-1: Ball
2-1: Foul Ball, location: 7LDF
2-2: Foul Ball, location: 2F
2-2: Ball
3-2: Foul Ball, location: 2F
3-2: Foul Ball, location: 2F
3-2: Foul Ball, location: 2F
3-2: Base on Balls
Batting: LHB Tony Rivera 0-0: Ball
1-0: Called Strike
1-1: Ball
2-1: Ball
3-1: SINGLE (Line Drive, 8LS, EV 85.6 MPH)
Chris Neimeyer to second
Batting: LHB Jon Stang 0-0: Foul Ball, location: 7LSF
0-1: Ball
1-1: Fielders Choice at 2nd, 1-6 (Groundball, 13S, EV 68.8 MPH)
Chris Neimeyer to third
Batting: RHB Jahmai Jones 0-0: Foul Ball, location: 2F
0-1: Ball
1-1: Ball
2-1: Fielders Choice at 2nd, 5-4 (Groundball, 56, EV 84.4 MPH)
Top of the 1st over - 0 runs, 1 hit, 0 errors, 2 left on base; Washington 0 - Cleveland 0
BOTTOM OF THE 1ST
Cleveland Guardians batting - Pitching for Washington Nationals : RHP Jon Sayer
Pitching: RHP Jon Sayer
Batting: LHB Mike Decker 0-0: Called Strike
0-1: Ground out 2-3 (Groundball, 13S, EV 69.4 MPH)
Batting: RHB Anthony Volpe 0-0: Ball
1-0: Ball
2-0: Called Strike
2-1: Foul Ball, location: 3FF
2-2: Foul Ball, location: 5FF
2-2: Foul Ball, location: 25F
2-2: Foul Ball, location: 9LSF
2-2: Ground out 6-3 (Groundball, 6, EV 91.3 MPH)
Batting: LHB Steve Goldstein 0-0: Ball
1-0: Called Strike
1-1: Fly out, F9 (Flyball, 9D, EV 100.6 MPH)
Bottom of the 1st over - 0 runs, 0 hits, 0 errors, 0 left on base; Washington 0 - Cleveland 0
TOP OF THE 2ND
Washington Nationals batting - Pitching for Cleveland Guardians : RHP Tahnaj Thomas
Batting: LHB Shohei Ohtani 0-0: Ball
1-0: Ball
2-0: Called Strike
2-1: Called Strike
2-2: Foul Ball, location: 2F
2-2: Strikes out swinging
Batting: RHB Armando Cruz 0-0: Foul Ball, location: 2F
0-1: Ball
1-1: Ball
2-1: Ground out U3 (Groundball, 34, EV 83.8 MPH)
Batting: RHB Josh Stone 0-0: Ball
1-0: Foul Ball, location: 9LSF
1-1: Fly out, F6 (Popup, 6D, EV 56.3 MPH)
Top of the 2nd over - 0 runs, 0 hits, 0 errors, 0 left on base; Washington 0 - Cleveland 0
BOTTOM OF THE 2ND
Cleveland Guardians batting - Pitching for Washington Nationals : RHP Jon Sayer
Batting: LHB Chris Lorentz 0-0: Ball
1-0: Foul Ball, location: 7LSF
1-1: Foul Ball, location: 7LDF
1-2: Foul Ball, location: 2F
1-2: Foul Ball, location: 2F
1-2: Foul Ball, location: 3F
1-2: Foul Ball, location: 5FF
1-2: Ball
2-2: Ball
3-2: Foul Ball, location: 2F
3-2: Strikes out looking
Batting: RHB Gabe White Jr. 0-0: Called Strike
0-1: Ball
1-1: Ball
2-1: Ball
3-1: DOUBLE (Groundball, 3L, EV 98.1 MPH)
Batting: LHB Trent Grisham 0-0: Ball
1-0: Ground out 4-3 (Groundball, 4, EV 103.1 MPH)
Gabe White Jr. to third
Batting: LHB Jim Wolford 0-0: Swinging Strike
0-1: Ball
1-1: Called Strike
1-2: Foul Ball, location: 3FF
1-2: Fly out, F9 (Flyball, 89M, EV 89.4 MPH)
Bottom of the 2nd over - 0 runs, 1 hit, 0 errors, 1 left on base; Washington 0 - Cleveland 0
TOP OF THE 3RD
Washington Nationals batting - Pitching for Cleveland Guardians : RHP Tahnaj Thomas
Batting: RHB Jose Trevino 0-0: Ball
1-0: Ball
2-0: Fly out, F9 (Line Drive, 89M, EV 91.3 MPH)
Batting: RHB Kevin Wengel 0-0: Called Strike
0-1: Ball
1-1: Ball
2-1: Ground out 1-3 (Groundball, 13S, EV 71.9 MPH)
Batting: SHB Chris Neimeyer 0-0: Foul Ball, location: 9LSF
0-1: Ground out 4-3 (Groundball, 4, EV 85.6 MPH)
Top of the 3rd over - 0 runs, 0 hits, 0 errors, 0 left on base; Washington 0 - Cleveland 0
BOTTOM OF THE 3RD
Cleveland Guardians batting - Pitching for Washington Nationals : RHP Jon Sayer
Batting: RHB Trea Turner 0-0: Ball
1-0: Ball
2-0: Ball
3-0: Called Strike
3-1: Foul Ball, location: 9LDF
3-2: Base on Balls
Batting: SHB Garrett Wolforth 0-0: Swinging Strike
0-1: Swinging Strike
0-2: Ball
1-2: Foul Ball, location: 5SF
1-2: Ball
2-2: Strikes out swinging
Batting: LHB Mike Decker 0-0: Called Strike
0-1: DOUBLE (Line Drive, 5D, EV 98.1 MPH)
Trea Turner to third
Runner from 3rd tries for Home, SAFE, no throw by LF
Batting: RHB Anthony Volpe 0-0: Ball
1-0: Ground out 4-3 (Groundball, 4S, EV 89.4 MPH)
Mike Decker to third
Batting: LHB Steve Goldstein 0-0: Ball
1-0: Ball
2-0: Called Strike
2-1: Called Strike
2-2: Strikes out swinging
Bottom of the 3rd over - 1 run, 1 hit, 0 errors, 1 left on base; Washington 0 - Cleveland 1
TOP OF THE 4TH
Washington Nationals batting - Pitching for Cleveland Guardians : RHP Tahnaj Thomas
Batting: LHB Tony Rivera 0-0: Ball
1-0: Called Strike
1-1: Ball
2-1: Ground out U3 (Groundball, 34, EV 90.6 MPH)
Batting: LHB Jon Stang 0-0: Swinging Strike
0-1: Ball
1-1: Called Strike
1-2: Ground out 4-3 (Groundball, 4, EV 108.8 MPH)
Batting: RHB Jahmai Jones 0-0: Called Strike
0-1: Ball
1-1: Ball
2-1: Fly out, F7 (Flyball, 7D, EV 88.1 MPH)
Top of the 4th over - 0 runs, 0 hits, 0 errors, 0 left on base; Washington 0 - Cleveland 1
BOTTOM OF THE 4TH
Cleveland Guardians batting - Pitching for Washington Nationals : RHP Jon Sayer
Batting: LHB Chris Lorentz 0-0: Ball
1-0: Foul Ball, location: 2F
1-1: Ball
2-1: Foul Ball, location: 7LMF
2-2: Fly out, F9 (Flyball, 9, EV 93.1 MPH)
Batting: RHB Gabe White Jr. 0-0: Ball
1-0: Called Strike
1-1: Foul Ball, location: 2F
1-2: Ground out 5-3 (Groundball, 56, EV 89.4 MPH)
Batting: LHB Trent Grisham 0-0: Ball
1-0: Ball
2-0: Called Strike
2-1: Ball
3-1: Foul Ball, location: 25F
3-2: Fly out, F8 (Line Drive, 8RS, EV 95.6 MPH)
Bottom of the 4th over - 0 runs, 0 hits, 0 errors, 0 left on base; Washington 0 - Cleveland 1
TOP OF THE 5TH
Washington Nationals batting - Pitching for Cleveland Guardians : RHP Tahnaj Thomas
Batting: LHB Shohei Ohtani 0-0: Foul Ball, location: 2F
0-1: Ball
1-1: Swinging Strike
1-2: Strikes out swinging
Batting: RHB Armando Cruz 0-0: Called Strike
0-1: Swinging Strike
0-2: SINGLE (Groundball, 34D, EV 106.3 MPH)
Batting: RHB Josh Stone 0-0: Ball
1-0: Ball
2-0: Called Strike
2-1: Ball
3-1: Fly out, F4 (Popup, 4M, EV 78.1 MPH)
Batting: RHB Jose Trevino 0-0: Called Strike
0-1: Swinging Strike
0-2: Strikes out swinging
Top of the 5th over - 0 runs, 1 hit, 0 errors, 1 left on base; Washington 0 - Cleveland 1
BOTTOM OF THE 5TH
Cleveland Guardians batting - Pitching for Washington Nationals : RHP Jon Sayer
Batting: LHB Jim Wolford 0-0: Called Strike
0-1: Swinging Strike
0-2: Strikes out swinging
Batting: RHB Trea Turner 0-0: Called Strike
0-1: Ball
1-1: Foul Ball, location: 9LMF
1-2: Fly out, F9 (Flyball, 9LD, EV 106.3 MPH)
Batting: SHB Garrett Wolforth 0-0: Ball
1-0: Ball
2-0: SINGLE (Groundball, 23, EV 66.9 MPH) (infield hit)
Batting: LHB Mike Decker 0-0: Ground out 4-3 (Groundball, 34S, EV 77.5 MPH)
Bottom of the 5th over - 0 runs, 1 hit, 0 errors, 1 left on base; Washington 0 - Cleveland 1
TOP OF THE 6TH
Washington Nationals batting - Pitching for Cleveland Guardians : RHP Tahnaj Thomas
Batting: RHB Kevin Wengel 0-0: Ball
1-0: Ball
2-0: Called Strike
2-1: Called Strike
2-2: Ball
3-2: SINGLE (Groundball, 4S, EV 73.8 MPH) (infield hit)
Batting: SHB Chris Neimeyer 0-0: Called Strike
0-1: Foul Ball, location: 2F
0-2: Ball
1-2: Foul Ball, location: 7LMF
1-2: Strikes out looking
Batting: LHB Tony Rivera 0-0: Called Strike
Kevin Wengel is caught stealing 2nd base 2-6
0-1: Ball
1-1: Foul Ball, location: 3FF
1-2: Strikes out looking
Top of the 6th over - 0 runs, 1 hit, 0 errors, 0 left on base; Washington 0 - Cleveland 1
BOTTOM OF THE 6TH
Cleveland Guardians batting - Pitching for Washington Nationals : RHP Jon Sayer
Batting: RHB Anthony Volpe 0-0: Called Strike
0-1: Ball
1-1: Foul Ball, location: 2F
1-2: Ball
2-2: DOUBLE (Line Drive, 7LM, EV 106.3 MPH)
Batting: LHB Steve Goldstein 0-0: Called Strike
0-1: Ball
1-1: Called Strike
1-2: Foul Ball, location: 3SF
1-2: Foul Ball, location: 7LDF
1-2: Foul Ball, location: 9LMF
1-2: Ground out 6-3 (Groundball, 6M, EV 90.6 MPH)
Anthony Volpe to third
Batting: LHB Chris Lorentz 0-0: Intentional Walk
Batting: RHB Gabe White Jr. 0-0: Ball
1-0: Called Strike
1-1: Ball
2-1: Ball
3-1: Swinging Strike
3-2: Fly out, F8 (Flyball, 8RM, EV 90.6 MPH)
Runner from 3rd tags up, SCORES, throw by CF
Pitching: LHP Anthony Misiewicz
Batting: LHB Trent Grisham 0-0: Ball
1-0: Ball
2-0: Foul Ball, location: 2F
2-1: Single, Error in OF, E7, batter to second base (Groundball, 5D, EV 103.1 MPH)
Chris Lorentz to third
Batting: LHB Jim Wolford 0-0: SINGLE (Line Drive, 9S, EV 99.4 MPH)
Chris Lorentz scores
Trent Grisham to third
Runner from 3rd tries for Home, SAFE, throw by RF to home
Batting: RHB Trea Turner 0-0: Ball
1-0: Called Strike
1-1: Ball
2-1: Called Strike
2-2: Strikes out swinging
Bottom of the 6th over - 3 runs, 3 hits, 1 error, 1 left on base; Washington 0 - Cleveland 4
TOP OF THE 7TH
Washington Nationals batting - Pitching for Cleveland Guardians : RHP Tahnaj Thomas
Batting: LHB Jon Stang 0-0: Called Strike
0-1: Ball
1-1: Ball
2-1: SINGLE (Line Drive, 4MD, EV 108.1 MPH)
Pitching: RHP Kendall Williams
Batting: RHB Jahmai Jones 0-0: Called Strike
0-1: Ball
1-1: Foul Ball, location: 23F
1-2: Fly out, F6 (Flyball, 6MD, EV 87.5 MPH)
Batting: LHB Shohei Ohtani 0-0: Ball
1-0: Ball
2-0: Called Strike
2-1: Called Strike
2-2: Strikes out swinging
Batting: RHB Armando Cruz 0-0: Called Strike
0-1: Foul Ball, location: 9LDF
0-2: Ball
1-2: Foul Ball, location: 3SF
1-2: Strikes out swinging
Top of the 7th over - 0 runs, 1 hit, 0 errors, 1 left on base; Washington 0 - Cleveland 4
BOTTOM OF THE 7TH
Cleveland Guardians batting - Pitching for Washington Nationals : LHP Anthony Misiewicz
Batting: SHB Garrett Wolforth 0-0: Foul Ball, location: 23F
0-1: Swinging Strike
0-2: Foul Ball, location: 7LSF
0-2: Ball
1-2: Strikes out swinging
Batting: LHB Mike Decker 0-0: Called Strike
0-1: Called Strike
0-2: Ball
1-2: Foul Ball, location: 3F
1-2: Ball
2-2: Strikes out looking
Batting: RHB Anthony Volpe 0-0: Ball
1-0: Called Strike
1-1: Swinging Strike
1-2: Ball
2-2: Fly out, F9 (Line Drive, 9LM, EV 96.3 MPH)
Bottom of the 7th over - 0 runs, 0 hits, 0 errors, 0 left on base; Washington 0 - Cleveland 4
TOP OF THE 8TH
Washington Nationals batting - Pitching for Cleveland Guardians : RHP Kendall Williams
Batting: RHB Josh Stone 0-0: Fly out, F7 (Line Drive, 78M, EV 93.8 MPH)
Batting: RHB Jose Trevino 0-0: Foul Ball, location: 25F
0-1: Foul Ball, location: 5DF
0-2: Ball
1-2: Ball
2-2: Strikes out swinging
Batting: RHB Kevin Wengel 0-0: Ball
1-0: Ball
2-0: Swinging Strike
2-1: SINGLE (Line Drive, 78M, EV 96.3 MPH)
Pitching: RHP Chris Rodriguez
Batting: SHB Chris Neimeyer 0-0: Called Strike
0-1: Swinging Strike
0-2: Foul Ball, location: 7LSF
0-2: Ball
1-2: Ball
2-2: Ball
3-2: Base on Balls
Kevin Wengel to second
Batting: LHB Tony Rivera 0-0: Swinging Strike
0-1: Called Strike
0-2: Foul Ball, location: 7LDF
0-2: Foul Ball, location: 23FF
0-2: Ball
1-2: Ball
2-2: Foul Ball, location: 2F
2-2: Strikes out swinging
Top of the 8th over - 0 runs, 1 hit, 0 errors, 2 left on base; Washington 0 - Cleveland 4
BOTTOM OF THE 8TH
Cleveland Guardians batting - Pitching for Washington Nationals : LHP Anthony Misiewicz
Pitching: RHP Bill Flores
Batting: LHB Steve Goldstein 0-0: Swinging Strike
0-1: Called Strike
0-2: Ball
1-2: Ball
2-2: Foul Ball, location: 7LSF
2-2: Ball
3-2: Ground out 4-3 (Groundball, 4, EV 85.0 MPH)
Batting: LHB Chris Lorentz 0-0: Foul Ball, location: 2F
0-1: Ball
1-1: Foul Ball, location: 2F
1-2: Foul Ball, location: 23FF
1-2: Fly out, F7 (Flyball, 7D, EV 88.8 MPH)
Batting: RHB Gabe White Jr. 0-0: Ball
1-0: Foul Ball, location: 5F
1-1: Swinging Strike
1-2: Strikes out looking
Bottom of the 8th over - 0 runs, 0 hits, 0 errors, 0 left on base; Washington 0 - Cleveland 4
TOP OF THE 9TH
Washington Nationals batting - Pitching for Cleveland Guardians : RHP Chris Rodriguez
Batting: LHB Jon Stang 0-0: Ball
1-0: Ground out 4-3 (Groundball, 4, EV 91.9 MPH)
Batting: RHB Jahmai Jones 0-0: Called Strike
0-1: Called Strike
0-2: Ball
1-2: Strikes out swinging
Batting: LHB Shohei Ohtani 0-0: Ball
1-0: Ball
2-0: Ball
3-0: Base on Balls
Pitching: RHP Clayton Beeter
Batting: RHB Armando Cruz 0-0: Ball
1-0: Called Strike
1-1: Ball
2-1: Foul Ball, location: 2F
2-2: Strikes out looking
Top of the 9th over - 0 runs, 0 hits, 0 errors, 1 left on base; Washington 0 - Cleveland 4
Friday, March 15th , 2024 - OOTP Baseball 24.7 Build 72